 Dungeon Sprint DCSS version 0.27-a0-1139-g28e009f8a6 (webtiles) character file.

Game seed: 17649178830099406159

2750 Zeld the Destroyer (level 9, 0/59 HPs)
             Began as a Deep Elf Conjurer on May 8, 2021.
             Was a Priest of Sif Muna.
             Slain by a demonic crawler (4 damage)
             ... in the Dungeon (Sprint I: "Red Sonja").
             The game lasted 00:03:20 (2105 turns).

Zeld the Destroyer (Deep Elf Conjurer)              Turns: 2105, Time: 00:03:22

Health: 0/59       AC:  4    Str:  4    XL:     9   Next: 41%
Magic:  3/27       EV: 17    Int: 27    God:    Sif Muna [***...]
Gold:   754        SH:  0    Dex: 13    Spells: 21/32 levels left

rFire    . . .     SeeInvis .   (no weapon)
rCold    . . .     Faith    .   (no shield)
rNeg     . . .     Spirit   .   a - +0 robe
rPois    .         Reflect  .   j - +0 helmet
rElec    .         Harm     .   (no cloak)
rCorr    .         Rampage  .   (no gloves)
Will     .....     NoTele   +   i - +0 pair of boots
Stlth    ++........             (no amulet)
HPRegen  0.19/turn              (no ring)
MPRegen  0.20/turn              (no ring)

@: no status effects
A: no striking features
a: Renounce Religion, Channel Magic, Forget Spell


You were in the Dungeon.
You worshipped Sif Muna.
Sif Muna was most pleased with you.
You visited 1 branch You collected 852 gold pieces.
You spent 98 gold pieces at shops.

Inventory:

Armour
 a - a +0 robe (worn)
 i - a +0 pair of boots (worn)
 j - a +0 helmet (worn)
Wands
 b - a wand of flame (16)
 l - a wand of acid (10)
Scrolls
 g - 3 scrolls of identify
 k - a scroll of fog
Potions
 c - 3 potions of curing
 e - a potion of haste
 f - 2 potions of magic
 m - a potion of brilliance


   Skills:
 + Level 7.9 Fighting
 + Level 11.4 Dodging
 - Level 2.4 Stealth
 + Level 12.3 Spellcasting
 * Level 14.4 Conjurations
 * Level 7.2 Invocations


You had 21 spell levels left.
You knew the following spells:

 Your Spells              Type           Power      Damage    Failure   Level
a - Magic Dart            Conj           100%       1d8       0%          1
b - Searing Ray           Conj           100%       3d7       0%          2
c - Fulminant Prism       Conj/Hex       26%        3d14      1%          4
d - Iskenderun's Mystic   Conj/Tloc      53%        2d11      1%          4

Your spell library contained the following spells:

 Spells                   Type           Power      Damage    Failure   Level
 Dazzling Flash           Conj/Hex       100%       N/A       1%          3


Dungeon Overview and Level Annotations

Branches:
Dungeon (1/1)

Altars:
Cheibriados
Dithmenos
Elyvilon
Fedhas
Gozag
Hepliaklqana
Kikubaaqudgha
Makhleb
Nemelex Xobeh
Okawaru
Qazlal
Ru
Sif Muna
Trog
Uskayaw
Vehumet
Wu Jian
Xom
Yredelemnul
Zin
The Shining One
Jiyva
Lugonu

Shops:
D :([


Message History

Sif Muna accepts your kill.
You can now freely open your mind to new spells.
Your Spellcasting skill increases to level 12!
Your Invocations skill increases to level 7!
Unknown command.
Unknown command.
The demonic crawler closely misses you. The demonic crawler barely misses you.
The demonic crawler hits you.
There is an open door, spattered with blood here.
The demonic crawler closely misses you. The demonic crawler hits you!
The demonic crawler hits you but does no damage.
There is an open door, spattered with blood here.
Things that are here:
a +0 scythe; a +0 robe
Casting: Iskenderun's Mystic Blast (dangerous; 1% risk of failure)
Confirm with . or Enter, or press ? or * to list all spells.
You erupt in a blast of force!
The mystic blast hits the demonic crawler!
The demonic crawler is moderately wounded.
The mystic blast hits the demonic crawler!!
The demonic crawler is heavily wounded.
The demonic crawler barely misses you. The demonic crawler closely misses you.
The demonic crawler hits you but does no damage.
Unknown command.
Unknown command.
The demonic crawler barely misses you. The demonic crawler hits you.
The demonic crawler hits you!
* * * LOW HITPOINT WARNING * * *
There is an open door, spattered with blood here.
Okay, then.
You feel better. The demonic crawler closely misses you.
The demonic crawler barely misses you. x2
The demonic crawler closely misses you. x2
The demonic crawler hits you but does no damage.
The demonic crawler barely misses you. The demonic crawler hits you!
* * * LOW HITPOINT WARNING * * *
The demonic crawler hits you!
* * * LOW HITPOINT WARNING * * *
The demonic crawler hits you.
You die...

#####################
#<.#.ss..#..'.†#__#..
#..)@.#..)..#..'..'..
#..#####'#####'#__###
#..####..#...#(####
#..#__####..##.#
#..#_____##'#_.+
#⌠⌠#_.∩...'..._#
####_..__##_.#'##+###
#_____###)#.#(...#
############.####'###


You could see 2 demonic crawlers.

Vanquished Creatures
  Sonja (D)
  A deep troll (D)
  2 kobold demonologists (D)
  2 demonic crawlers (D)
  A slime creature (D)
  Sigmund (D)
  A yak (D)
  A floating eye (D)
  An ogre (D)
  A jelly (D)
  Ijyb (D)
13 creatures vanquished.

Vanquished Creatures (others)
  A gargoyle (D)
  3 hornets (D)
  2 ballistomycete spores (D)
6 creatures vanquished.

Grand Total: 19 creatures vanquished

Notes
Turn   | Place    | Note
-------+----------+-------------------------------------------
     0 | D        | Zeld the Deep Elf Conjurer began the quest for the Orb.
     0 | D        | Reached XP level 1. HP: 10/10 MP: 6/6
     3 | D        | Noticed Ijyb
    16 | D        | Killed Ijyb
    17 | D        | Reached skill level 1 in Fighting
    17 | D        | Reached skill level 5 in Conjurations
    17 | D        | Reached XP level 2. HP: 2/17 MP: 6/9
   311 | D        | Learned a level 2 spell: Searing Ray
   313 | D        | Noticed an ogre
   318 | D        | Killed an ogre
   319 | D        | Reached skill level 5 in Dodging
   319 | D        | Reached skill level 7 in Conjurations
   319 | D        | Reached XP level 3. HP: 23/23 MP: 3/12
   319 | D        | Reached XP level 4. HP: 28/28 MP: 3/14
   324 | D        | Learned a level 4 spell: Fulminant Prism
   329 | D        | Learned a level 4 spell: Iskenderun's Mystic Blast
   547 | D        | Noticed Sigmund
   553 | D        | Killed Sigmund
   554 | D        | Reached skill level 9 in Conjurations
   554 | D        | Reached XP level 5. HP: 25/34 MP: 7/17
   554 | D        | Reached XP level 6. HP: 29/39 MP: 7/18
   636 | D        | Found an ornate altar of the Wu Jian Council.
   636 | D        | Found a shimmering blue altar of Sif Muna.
   638 | D        | Found a radiant altar of Vehumet.
   643 | D        | Became a worshipper of Sif Muna the Loreminder
   853 | D        | Found Tuvusm's Antique Weapon Emporium.
   853 | D        | Found an ancient bone altar of Kikubaaqudgha.
   853 | D        | Found a hazy altar of Hepliaklqana.
   853 | D        | Found a hide-covered altar of Uskayaw.
   853 | D        | Found a basalt altar of Yredelemnul.
   853 | D        | Found an opulent altar of Gozag.
   853 | D        | Found a snail-covered altar of Cheibriados.
   853 | D        | Found a sacrificial altar of Ru.
   853 | D        | Found a shadowy altar of Dithmenos.
   853 | D        | Noticed a yak
   854 | D        | Found a stormy altar of Qazlal.
   854 | D        | Found a blossoming altar of Fedhas.
   854 | D        | Found a bloodstained altar of Trog.
   854 | D        | Found an iron altar of Okawaru.
   854 | D        | Found a glowing silver altar of Zin.
   858 | D        | Killed a yak
   859 | D        | Reached skill level 5 in Fighting
   859 | D        | Reached skill level 10 in Conjurations
   860 | D        | Found a glowing golden altar of the Shining One.
   860 | D        | Found a white marble altar of Elyvilon.
   862 | D        | Found a sparkling altar of Nemelex Xobeh.
   939 | D        | Found a burning altar of Makhleb.
   939 | D        | Found a viscous altar of Jiyva.
   939 | D        | Found a shimmering altar of Xom.
   939 | D        | Found a corrupted altar of Lugonu.
   939 | D        | Noticed a slime creature
   946 | D        | Killed a slime creature
   946 | D        | Reached * piety under Sif Muna
   947 | D        | Reached skill level 11 in Conjurations
   947 | D        | Reached XP level 7. HP: 34/45 MP: 14/22
  1243 | D        | Noticed Sonja
  1246 | D        | Killed Sonja
  1247 | D        | Reached skill level 10 in Dodging
  1247 | D        | Reached skill level 10 in Spellcasting
  1247 | D        | Reached skill level 12 in Conjurations
  1247 | D        | Reached XP level 8. HP: 26/52 MP: 18/24
  1475 | D        | Found Tiem's Book Boutique.
  1559 | D        | Noticed a deep troll
  1567 | D        | Killed a deep troll
  1568 | D        | Reached skill level 13 in Conjurations
  1598 | D        | Killed a hornet
  1791 | D        | Found Baimm's Armour Emporium.
  1796 | D        | Bought a +0 pair of boots for 49 gold pieces
  1796 | D        | Bought a +0 helmet for 49 gold pieces
  1799 | D        | Killed a hornet
  1841 | D        | Noticed a kobold demonologist
  1842 | D        | Noticed a kobold demonologist
  1843 | D        | Noticed an orange demon
  1844 | D        | Noticed a hellwing
  1844 | D        | Reached ** piety under Sif Muna
  1845 | D        | Killed a kobold demonologist
  1846 | D        | Reached skill level 5 in Invocations
  1846 | D        | Reached XP level 9. HP: 41/57 MP: 20/26
  1848 | D        | Killed a kobold demonologist
  1849 | D        | Reached skill level 14 in Conjurations
  2080 | D        | Noticed a demonic crawler
  2080 | D        | Noticed a demonic crawler
  2080 | D        | Noticed a demonic crawler
  2080 | D        | Noticed a demonic crawler
  2093 | D        | Killed a demonic crawler
  2093 | D        | Killed a demonic crawler
  2093 | D        | Reached *** piety under Sif Muna
  2099 | D        | Killed a gargoyle
  2105 | D        | Slain by a demonic crawler

Illustrated notes

Levels and vault maps discovered:
D:        dungeon_sprint_1 [red_sonja_temple_1, red_sonja_temple_small_1]

Skill      XL: |  1  2  3  4  5  6  7  8  9 |
---------------+----------------------------+-----
Fighting       | 1 3 4 5 6 7 |  7.9
Dodging        | 3 5 7 8 10 11 | 11.4
Spellcasting   | 4 6 7 9 10 11 12 | 12.3
Conjurations   | 5 7 9 11 12 13 14 | 14.4
Invocations    | 5 7 |  7.2
Stealth        | |  2.4

Action                   |  1- 3 |  4- 6 |  7- 9 || total
-------------------------+-------+-------+-------++-------
Melee: Unarmed           |    10 |       |       ||    10
 Cast: Magic Dart        |     1 |       |       ||     1
       Searing Ray       |     2 |     6 |     7 ||    15
       Iskenderun's Myst |       |       |     8 ||     8
  Use: Potion            |     1 |       |     2 ||     3
       Scroll            |       |       |     3 ||     3
Armor: Robe              |       |       |     5 ||     5
Dodge: Dodged            |     4 |     5 |    20 ||    29

Table legend: (Time is in decaauts)
 A = Elapsed time spent in this place.
 B = Non-inter-level travel time spent in this place.
 C = Inter-level travel time spent in this place.
 D = Time resting spent in this place.
 E = Time spent auto-exploring this place.
 F = Levels seen in this place.
 G = Mean time per level.
                   A        B        C        D        E       F      G
               +--------+--------+--------+--------+--------+-----+--------+
         Total |   2113 |   2104 |      9 |   1763 |      0 |   1 | 2113.0 |
       Dungeon |   2113 |   2104 |      9 |   1763 |      0 |   1 | 2113.0 |
               +--------+--------+--------+--------+--------+-----+--------+

Top non-repeatable levels by time:
       D: 2113 daAuts
